Map: Nightshade LE

Players

Hønsking

  • Race: Zerg Zerg
  • League: Master
  • Spawn Location: 11:00

A.I. 1 (Very Easy) - Winner!

  • Race: Zerg Zerg
  • Spawn Location: 5:00

VOD

Have the link to the VOD?

Description

Time

  • Played on: April 22, 2020, 6:39 a.m.
  • Length: 9:00
Show
View Real Time Build Order
Export as new Build Order

Hønsking Zerg 

Build Orders: Hatch First 

Get SALT Encoding   

  12  0:01  Drone  
  13  0:12  Overlord  
  13  0:17  Drone  
  14  0:31  Drone x2  
  16  0:49  Hatchery  
  15  0:52  Drone  
  15  0:55  Drone  
  17  0:59  Drone  
  18  1:10  Extractor  
  17  1:15  Spawning Pool  
  17  1:17  Drone  
  17  1:20  Drone  
  18  1:28  Drone  
  19  1:42  Drone  
  20  1:49  Overlord  
  20  2:02  Queen x2  
  20  2:03  Zergling x4  
  26  2:12  Drone x2  
  26  2:15  Metabolic Boost  
  28  2:22  Drone  
  29  2:23  Drone  
  30  2:33  Drone x2  
  32  2:43  Hatchery  
  31  2:46  Queen  
  33  2:52  Overlord  
  33  2:56  Drone  
  33  2:57  Drone  
  33  2:58  Drone  
  36  3:13  Drone x3  
  36  3:15  Overlord  
  36  3:16  Spore Crawler  
  38  3:23  Drone x3  
  38  3:25  Drone  
  42  3:27  Spore Crawler  
  42  3:29  Drone x2  
  43  3:37  Zergling x4  
  45  3:45  Overlord  
  45  3:46  Drone  
  46  3:49  Extractor  
  45  3:57  Drone x2  
  45  3:58  Drone x3  
  50  4:03  Roach Warren  
  50  4:08  Queen  
  50  4:09  Drone  
  53  4:10  Drone  
  53  4:18  Lair  
  53  4:20  Drone x3  
  53  4:21  Drone x3  
  53  4:23  Spore Crawler  
  58  4:32  Drone  
  58  4:38  Overlord  
  59  4:39  Drone  
  60  4:49  Roach x2  
  60  4:50  Roach  
  66  4:56  Overlord  
  66  4:57  Roach x3  
  66  4:58  Roach  
  74  5:00  Overlord  
  74  5:08  Evolution Chamber  
  74  5:09  Evolution Chamber  
  74  5:10  Drone x2  
  74  5:20  Overlord  
  74  5:21  Drone x2  
  74  5:22  Drone x7  
  83  5:28  Glial Reconstitution  
  83  5:29  Overseer  
  83  5:32  Overseer  
  83  5:35  Drone  
  84  5:36  Drone x2  
  84  5:37  Baneling Nest  
  84  5:38  Extractor  
  84  5:39  Drone x2, Extractor  
  85  5:49  Zerg Melee Weapons Level 1, Zerg Missile Weapons Level 1  
  85  5:50  Overlord  
  85  5:56  Hatchery  
  84  5:59  Spore Crawler  
  84  6:02  Drone x3  
  86  6:07  Overlord  
  86  6:10  Drone x2  
  88  6:17  Overlord  
  88  6:18  Extractor  
  87  6:19  Centrifical Hooks  
  87  6:21  Zergling x18  
  96  6:41  Drone x2  
  96  6:42  Drone  
  96  6:43  Overlord  
  96  6:45  Roach x4, Zergling x4  
  96  6:46  Zergling x2  
  110  6:48  Queen  
  110  6:52  Baneling x7  
  112  6:56  Overlord  
  112  7:00  Roach  
  112  7:01  Roach x4  
  122  7:05  Queen  
  124  7:08  Queen  
  124  7:09  Overlord, Drone x2  
  124  7:10  Roach x2  
  124  7:11  Roach x2  
  124  7:14  Overlord x2  
  136  7:18  Drone  
  136  7:20  Drone x2  
  136  7:21  Overlord, Drone  
  140  7:27  Overlord  
  140  7:28  Overlord  
  140  7:29  Overlord  
  140  7:34  Roach x3, Zergling x2  
  140  7:36  Ravager x5  
  152  7:44  Overseer  
  152  7:48  Zergling x2  
  152  7:49  Zergling x14  
  160  8:04  Extractor  
  160  8:05  Extractor  
  158  8:06  Roach x2, Extractor, Zergling x10  
  158  8:07  Zergling x6  
  169  8:13  Overlord  
  169  8:21  Overlord  
  169  8:22  Drone x2  
  169  8:23  Drone  
  169  8:24  Drone x3  
  169  8:25  Drone x2  
  177  8:28  Overlord  
  177  8:29  Roach x6  
  189  8:35  Roach x2  
  189  8:37  Roach  
  199  8:45  Infestation Pit  
Show
View Real Time Build Order
Export as new Build Order

A.I. 1 (Very Easy) Zerg - Winner!

Build Orders: Pool First 

Get SALT Encoding   

  12  0:00  Drone  
  13  0:12  Overlord  
  13  0:16  Drone  
  14  0:36  Spawning Pool  
  14  0:37  Extractor  
  14  0:39  Drone  
  13  0:46  Drone  
  14  0:51  Overlord  
  14  1:22  Queen  
  14  1:23  Zergling x2  
  17  1:30  Roach Warren  
  16  1:33  Drone  
  16  1:37  Extractor  
  16  1:41  Zergling x2  
  16  1:42  Drone  
  18  1:55  Drone  
  18  1:58  Zergling x2  
  20  2:05  Drone  
  21  2:16  Drone  
  22  2:27  Drone  
  22  2:29  Overlord  
  23  2:34  Drone  
  24  2:41  Drone  
  25  4:09  Zergling x2  
  25  5:45  Roach, Drone, Lair  
  28  5:52  Drone  
  29  5:59  Drone  
  29  6:01  Overlord  
  30  6:06  Drone  
  31  6:14  Drone  
  29  6:21  Drone  
  29  6:24  Ravager  
  29  6:25  Zergling x2  
  32  6:42  Overseer  
  32  6:43  Overseer  
  32  7:04  Roach  
  34  7:10  Hatchery  
  33  8:22  Drone  
  34  8:29  Drone, Extractor  
  34  8:34  Extractor  
  33  8:37  Drone  
  34  8:44  Drone  
Tags
 
League
Master
Matchup
ZvZ
Race
Zerg
Spawn Locations
Cross Positions
Add a new tag
Caveats
  • Supply blocks, unpowered buildings, or Contaminate may cause inaccurate times.
  • Supply counts are checked every 10 seconds.